 Dungeon Crawl Stone Soup version 0.20-a0-792-g09bcfd3 (webtiles) character file.

45 terra52 the Ruffian (level 3, -4/28 HPs)
             Began as a Barachian Gladiator on Feb 28, 2017.
             Killed from afar by Natasha (7 damage)
             ... with a magic dart
             ... on level 2 of the Dungeon.
             The game lasted 00:03:24 (1307 turns).

terra52 the Ruffian (Barachian Gladiator)           Turns: 1307, Time: 00:03:25

Health: -4/28      AC:  6    Str: 16    XL:     3   Next: 64%
Magic:  3/3        EV: 12    Int:  8    God:
Gold:   72         SH:  0    Dex: 13    Spells: 2/2 levels left

rFire    . . .     SeeInvis .     - Unarmed
rCold    . . .     Gourm    .   l - +0 ring mail
rNeg     . . .     Faith    .   (no shield)
rPois    .         Spirit   .   b - +0 helmet
rElec    .         Reflect  .   (no cloak)
rCorr    .         Harm     .   (no gloves)
MR       .....                  (no boots)
Stlth    +.........             (no amulet)
Regen    0.1/turn               (no ring)
MPRegen  0.1/turn               e - ring of wizardry (curse)

@: slowed, very slow
A: +LOS, swims, slowness 1, strong legs 1
a: Hop


You were on level 2 of the Dungeon.
You were not hungry.

You visited 1 branch of the dungeon, and saw 2 of its levels.

You collected 72 gold pieces.

Inventory:

Missiles
 c - 3 throwing nets (quivered)
Armour
 a - a +0 leather armour
 b - a +0 helmet (worn)
 l - a +0 ring mail (worn)
Jewellery
 e - a cursed ring of wizardry (left hand)
Scrolls
 f - a scroll of fog {unknown}
 g - 2 scrolls of identify {unknown}
 h - a scroll of immolation {unknown}
 j - a scroll of noise {unknown}
 m - a scroll of recharging {unknown}
 o - 3 scrolls of blinking {unknown}
 p - a scroll of remove curse {unknown}
 r - a scroll of enchant weapon {unknown}
Potions
 i - 2 potions of curing {unknown}
 k - 2 potions of agility {unknown}
 q - a potion of mutation {unknown}
Comestibles
 d - 3 bread rations
 n - a chunk of flesh
 s - 2 fruits


   Skills:
 * Level 2.8 Fighting
 + Level 2.2 Throwing
 + Level 0.2 Armour
 + Level 3.7 Dodging
 * Level 4.2 Unarmed Combat


You had 2 spell levels left.
You didn't know any spells.

Dungeon Overview and Level Annotations

Branches:
Dungeon (2/15)

Altars:
Xom
Zin

Annotations:
D:2 Natasha


Innate Abilities, Weirdness & Mutations

Shadows flee at your approach. (+LOS)
You can swim through water.
You cover ground slowly.
You can hop short distances.


Message History

You hit Natasha.
Natasha is severely wounded.
Natasha claws you.
You barely miss Natasha. You punch Natasha.
Natasha is almost dead.
Natasha stares at you and mumbles some strange words.
You feel as though you will be slow longer.
Natasha howls an incantation.
You feel disoriented. Natasha claws you.
* * * LOW HITPOINT WARNING * * *
You barely miss Natasha.
Natasha is almost dead.
Natasha claws you but does no damage.
You closely miss Natasha.
Natasha is almost dead.
Natasha mumbles some strange words.
Natasha stares at you and mumbles some strange words.
The magic dart hits you!
You die...

...........#...#.#.##.#..######.#
.#.........#...#.#.##.#..# #.#
.#.........#...#.#.##.#..## #.#
...##....#.#...#.#.##.#...#####.#
..[##....#.#.###.#.##...........#
...##....#.#.###.#........#######
...............<.................
...##....#.#.###.#####.>....#####
...........#.# #@# ####.#.# #
############## #h# .#.#####
....h..5.# #### .#.#....
########## #.....#.#.###
#........ #.#.#.#.# # #.#.#.#
#.#.#.#.# #.###.#.#.#.#


You could see Natasha and a crimson imp.

Vanquished Creatures
  An adder (D:2)
  A worm (D:2)
  A dart slug (D:1)
  A leopard gecko (D:1)
  A giant cockroach (D:1)
  4 goblins
  6 hobgoblins
  2 bats (D:1)
  2 frilled lizards (D:2)
  9 kobolds
  A rat (D:2)
29 creatures vanquished.

Vanquished Creatures (others)
  A kobold (D:2)
1 creature vanquished.

Grand Total: 30 creatures vanquished

Notes
Turn   | Place    | Note
-------+----------+-------------------------------------------
     0 | D:1      | terra52 the Barachian Gladiator began the quest for the Orb.
     0 | D:1      | Reached XP level 1. HP: 17/17 MP: 1/1
   200 | D:1      | Reached XP level 2. HP: 17/23 MP: 2/2
   728 | D:2      | Reached XP level 3. HP: 28/28 MP: 3/3
   733 | D:2      | Found a glowing silver altar of Zin.
   733 | D:2      | Noticed an angel
   734 | D:2      | Found a shimmering altar of Xom.
   775 | D:2      | Reached skill level 4 in Unarmed Combat
  1298 | D:2      | Noticed Natasha
  1307 | D:2      | Killed from afar by Natasha

Vault maps used:
D:1:      scummos_arrival_star
D:2:      grunt_temple_overflow_order_and_chaos_1,
          hangedman_abyss_or_decor_stabs, uniq_natasha, uniq_iyjb

Skill      XL: |  1  2  3 |
---------------+----------+-----
Unarmed Combat | 4 |  4.2
Fighting       | |  2.8
Throwing       | |  2.2
Armour         | |  0.2
Dodging        | |  3.7

Action                   || total
-------------------------++-------
Melee: Unarmed           ||   106
       Punch             ||     3
 Abil: Hop               ||     2
  Eat: Chunk             ||     2
Armor: Leather armour    ||     6
       Ring mail         ||    17
Dodge: Dodged            ||    68
